 Dungeon Crawl Stone Soup version 0.18-a0-316-gf882de5 (webtiles) character file.

142 Raultor the Changer (level 5, 0/33 HPs)
             Began as an Octopode Transmuter on Nov 27, 2015.
             Succumbed to an orc's poison
             ... on level 3 of the Dungeon.
             The game lasted 00:06:09 (3044 turns).

Raultor the Changer (Octopode Transmuter)           Turns: 3044, Time: 00:06:10

Health: 0/33       AC:  2    Str: 10    XL:     5   Next: 24%
Magic:  6/8        EV: 20    Int: 15    God:
Gold:   192        SH:  0    Dex: 18    Spells: 1 memorised, 5 levels left

rFire  . . .     SeeInvis .       - Unarmed
rCold  . . .     Clarity  .     (shield currently unavailable)
rNeg   . . .     SustAt   .     (helmet currently unavailable)
rPois  x         Gourm    .     (no amulet)
rElec  .         Spirit   .     (no ring)
rCorr  .         Warding  .     (no ring)
rMut   .         Stasis   .     (no ring)
MR     .....                    (no ring)
Stlth  ++........               (no ring)
                                (no ring)
                                (no ring)
                                (no ring)

@: lethally poisoned (0 -> -39), spider-form, not resistant to hostile
enchantments, unstealthy
A: almost no armour, amphibious, 8 rings, (constrict 8), (camouflage 0),
(gelatinous body 0)
a: End Transformation


You were on level 3 of the Dungeon.
You were not hungry.
You were a venomous arachnid creature.
You visited 1 branch of the dungeon, and saw 3 of its levels.

You collected 192 gold pieces.

Inventory:

Missiles
 a - 67 arrows
Scrolls
 e - a scroll of teleportation
 f - 2 scrolls of amnesia
 i - a scroll of immolation {unknown}
 j - a scroll of magic mapping {unknown}
 k - 2 scrolls of enchant weapon {unknown}
 l - a scroll of identify {unknown}
 m - a scroll of random uselessness {unknown}
Potions
 d - a potion of curing {unknown}
 g - a potion of cancellation {unknown}
Books
 b - a book of Changes

   Spells                             Type                      Level
   a - Beastly Appendage              Transmutation                1
   b - Sticks to Snakes               Transmutation                2
   c - Spider Form                    Transmutation/Poison         3
   d - Ice Form                       Ice/Transmutation            4
   e - Blade Hands                    Transmutation                5
Comestibles
 c - 2 bread rations
 h - a chunk of flesh
 n - a meat ration


   Skills:
 - Level 1.0 Fighting
 - Level 2.0 Dodging
 - Level 3.0 Unarmed Combat
 - Level 2.0 Spellcasting
 + Level 5.3 Transmutations


You had 5 spell levels left.
You knew the following spells:

 Your Spells              Type           Power        Failure   Level  Hunger
b - Spider Form           Trmt/Pois      #.........   45%         3    ###....


Dungeon Overview and Level Annotations

Branches:
Dungeon (3/15)

Altars:
Okawaru


Innate Abilities, Weirdness & Mutations

You cannot wear most types of armour.
You are amphibious.
You can wear up to eight rings at the same time.
((You can use your tentacles to constrict eight enemies at once.))
((Your skin changes colour to match your surroundings (Stealth).))
((Your rubbery body absorbs attacks (AC +1).))


Message History

The magic dart hits you!
You hit the orc wizard.
The orc wizard is poisoned.
The orc wizard is moderately wounded.
The orc barely misses you. The orc completely misses you. The orc misses you.
The orc wizard completely misses you.
You hit the orc wizard but do no damage.
The orc wizard is moderately wounded.
The orc hits you with a short sword.
The orc throws a poisoned tomahawk.
The poisoned tomahawk hits you.
You are lethally poisoned!
You see here a poisoned tomahawk.
You feel sick.
The kobold throws a stone.
The stone closely misses you.
* * * LOW HITPOINT WARNING * * *
You feel sick.
The orc throws a poisoned tomahawk.
The poisoned tomahawk hits you.
* * * LOW HITPOINT WARNING * * *
You are more poisoned.
The kobold throws a stone.
The stone misses you.
You see here 2 poisoned tomahawks.
You die...

####....####..###.#.#
####....#......##.#.#
.##.....#.......#.#.#
.##...).#.........#.#
####....#.......###.#
####.......(...[...(#
#..##...........##.(#
#..##............#..#
....##......####s#..#
....##......# #..(..#
.....#.###### #.#.#.#
.##..#.# #.#(..#
####...#


#oKoos# # ##### #..o..# #.....# #.....# #.....# You could see an orc wizard, 3
orcs and a giant cockroach.

Vanquished Creatures
  7 adders
  2 giant geckos
  6 orcs (D:3)
  6 giant cockroaches
  10 goblins
  10 hobgoblins
  3 jackals (D:1)
  6 kobolds
  9 bats
  4 giant newts
  5 rats
68 creatures vanquished.

Notes
Turn   | Place    | Note
--------------------------------------------------------------
     0 | D:1      | Raultor the Octopode Transmuter began the quest for the Orb.
     0 | D:1      | Reached XP level 1. HP: 13/13 MP: 3/3
   151 | D:1      | Reached XP level 2. HP: 5/18 MP: 5/5
   639 | D:1      | You fall through a shaft!
   646 | D:2      | Found an iron altar of Okawaru.
   663 | D:2      | Reached XP level 3. HP: 11/23 MP: 6/6
   691 | D:2      | HP: 1/23 [poisoned by an adder]
  1482 | D:2      | Reached skill level 4 in Transmutations
  1505 | D:2      | Reached XP level 4. HP: 23/28 MP: 7/7
  1720 | D:2      | Learned a level 3 spell: Spider Form
  2497 | D:3      | Reached skill level 5 in Transmutations
  2731 | D:3      | Reached XP level 5. HP: 33/33 MP: 4/8
  3044 | D:3      | Succumbed to an orc's poison

Vault maps used:
D:1:      lightli_arrival_quake
D:2:      okawaru_gym_becter
D:3:      minmay_misc_feat_x, st_stairs_4

Action                   |  1- 3 |  4- 6 || total
-------------------------+-------+-------++-------
Melee: Unarmed           |    69 |   112 ||   181
 Cast: Spider Form       |       |     6 ||     6
  Use: Scroll            |       |     3 ||     3
 Stab: Sleeping          |     7 |     6 ||    13
       Distracted        |     1 |       ||     1
  Eat: Chunk             |     2 |     5 ||     7
